Nobbs, chaotic male elven Wizard ----- ------ |%.(. |@@%.| -..<|# ##f.>..| |%..| ## # |....| ..-.-# --------.---- ### ------ ##### |`..........| # # # |.....*....%| # #### |.......-...| # ## ....|.{.....| # ### `*..`.{.{|...| -------# #[.----..# #....|.{.|%*.| ##......|# #|.......####|....-.--...| # |.....|# #...%...| # |.....`.....-###### |....^.# #.......| # |`.........`| ------- *........* ------------- -------- Nobbs the Thaumaturge Experience level: 7 Strength: 10 Dexterity: 13 Constitution: 15 Intelligence: 20 Wisdom: 13 Charisma: 11 Health: 0(52) Energy: 23(87) Def: 2 Gold: 1079 Moves: 5017 Dungeon seed: nLHeM2vjgKKmCHaO Game ID: Nobbs_1509459297 Your Inventory: Coins $ - 1079 gold pieces Wands b - a wand of lightning (0:2) s - a wand of cancellation (0:4) B - a wand of cold (0:5) D - a wand of teleportation (0:7) Amulets O - an uncursed amulet of ESP Weapons a - a blessed +1 quarterstaff (weapon in hands) Armor e - an uncursed +0 cloak of magic resistance (being worn) Comestibles u - an uncursed egg G - 5 uncursed food rations H - an uncursed lembas wafer I - an uncursed candy bar U - an uncursed lizard corpse Scrolls i - an uncursed scroll of remove curse j - an uncursed scroll of identify k - an uncursed scroll of enchant weapon p - a cursed scroll of amnesia q - a blessed scroll of enchant weapon x - a cursed scroll of food detection R - 4 uncursed scrolls of blank paper W - a cursed scroll of teleportation Y - an uncursed scroll of teleportation Spellbooks l - a blessed spellbook of force bolt m - an uncursed spellbook of knock V - an uncursed spellbook of detect monsters Potions f - an uncursed potion of confusion g - an uncursed potion of sleeping h - an uncursed potion of booze o - a blessed potion of monster detection r - a blessed potion of healing A - an uncursed potion of water K - an uncursed potion of fruit juice L - an uncursed potion of acid P - an uncursed potion of object detection Q - an uncursed potion of healing Rings c - an uncursed +1 ring of protection (on left hand) d - an uncursed +1 ring of increase damage (on right hand) E - an uncursed ring of slow digestion Tools t - a cursed magic lamp N - an uncursed skeleton key X - an uncursed tin whistle Spells and supernatural/magical abilities: Name Level Category Fail Memory a - force bolt 1 attack 0% 75% k - knock 1 matter 0% 75% n - detect monsters 1 divination 0% 98% H - haste self 3 escape 63% 95% W - pray for help -- divine ? -- Your skills at the end: Fighting Skills Weapon Skills quarterstaff [Basic] Spellcasting Skills attack spells [Basic] enchantment spells [Basic] Final Attributes: You were piously aligned. You were sleep resistant. You were magic-protected. You had wounded legs. You had infravision. You had a +1 damage bonus. You were protected. You are dead. Vanquished creatures: an elf mummy a wolf a giant spider a vampire bat a dwarf mummy an owlbear a yeti a lizard a housecat an ape a rope golem a wood nymph an orc shaman a rock piercer a rock mole a fog cloud 2 yellow lights 2 gnome lords 3 gray oozes 3 ghouls a paper golem 5 giant ants a kitten a dwarf a kobold lord 2 hill orcs 3 rothes 2 centipedes 2 giant bats a dwarf zombie a werejackal 2 iguanas 3 killer bees 3 coyotes a gas spore a hobbit 10 manes 2 large kobolds a hobgoblin 4 giant rats 7 cave spiders a brown mold 2 yellow molds 2 green molds a gnome a gnome zombie 4 geckos 17 jackals 2 foxes 2 kobolds a goblin a sewer rat 5 grid bugs a bat 4 lichens 3 kobold zombies 6 newts 133 creatures vanquished. Voluntary challenges: You had been an atheist until turn 2224. You used a wielded weapon 76 times, starting on turn 89. You read items or engraved 19 times, starting on turn 999. You never genocided any monsters. You never polymorphed an object. You never changed form. You used no wishes. You never split a pudding. You wrote Elbereth's name 8 times, starting on turn 2577. You never violated your personal moral code. Dungeon overview: The Dungeons of Doom: levels 1 to 10 Level 1 a long staircase Level 2 a fountain Level 3 a general store, some fountains stairs to The Gnomish Mines Level 4 a jewelry store, a fountain Level 5 a delicatessen Level 6 a fountain, a sink Level 7 a weapon shop Level 8 an altar to Thoth Level 9 <- You were here many fountains Level 10 a long staircase The Gnomish Mines: Level 4 stairs to The Dungeons of Doom History has recorded: On T:1 you entered the Dungeons of Doom to retrieve the Amulet of Yendor! On T:145 you reached level 2 of The Dungeons of Doom. On T:241 you reached level 3 of The Dungeons of Doom. On T:526 you reached level 4 of The Dungeons of Doom. On T:531 you advanced to experience level 2. On T:612 you reached level 1 of The Gnomish Mines. On T:662 you advanced to experience level 3. On T:1029 you reached level 5 of The Dungeons of Doom. On T:1453 you advanced to experience level 4. On T:1835 you reached level 6 of The Dungeons of Doom. On T:2011 you reached level 7 of The Dungeons of Doom. On T:2215 you reached level 8 of The Dungeons of Doom. On T:2580 you advanced to experience level 5. On T:3156 you reached level 9 of The Dungeons of Doom. On T:3869 you advanced to experience level 6. On T:4644 you reached level 10 of The Dungeons of Doom. On T:4695 you advanced to experience level 7. Score breakdown: Gold: 1079 (10318 points) Experience: 7 levels (13645 points) Exploration: 10 levels ( 21.28%) (13269 points) Discoveries: 4 items ( 1.45%) ( 3611 points) Valuables value: (no points given unless you survive) Artifact value: 0 ( 0 points) Variety of kills: 57 monsters ( 14.96%) (11603 points) Turncount: 5017 turns (-1359 points) Survival: died (score multiplied by 80%) Total score: 40869 Latest messages: The housecat picks up a pair of hard shoes. The pony picks up a stout spear. The soldier wields a spear! The soldier thrusts her dagger. The soldier hits! The housecat bites the yellow mold. The yellow mold is killed! The soldier thrusts his spear. The soldier hits! You see here a yellow mold corpse. You displace your pony. The soldier thrusts his spear. The soldier hits! KAABLAMM!!! You triggered a land mine! Your movements are slowed slightly because of your load. You fall into a pit! The spell hits the soldier. The soldier thrusts his spear. The soldier hits! You die... Final status: Goodbye Nobbs the Wizard, killed by a soldier... You died in The Dungeons of Doom on dungeon level 9 with 40869 points, and 1079 pieces of gold, after 5017 moves. You were level 7 with a maximum of 52 hit points when you died.